 Dungeon Crawl Stone Soup version 0.29.1-15-g9cfb28693d (webtiles) character file.

Game seed: 15214066216501080958

38 tizbic2 the Insei (level 3, -2/28 HPs)
             Began as a Gnoll Transmuter on Apr 24, 2023.
             Slain by Terence
             ... wielding a +0 mace
              (11 damage)
             ... on level 2 of the Dungeon.
             The game lasted 00:03:59 (1123 turns).

tizbic2 the Insei (Gnoll Transmuter)                Turns: 1123, Time: 00:03:59

Health: -2/28      AC:  5    Str: 11    XL:     3   Next: 43%
Magic:  8/9        EV: 11    Int: 12    God:
Gold:   57         SH:  0    Dex: 12    Spells: 11/12 levels left

rFire   . . .      SeeInvis .   i - +0 rapier
rCold   . . .      Faith    .   (no shield)
rNeg    . . .      Spirit   .   c - +0 ring mail
rPois   .          Reflect  .   (helmet currently unavailable)
rElec   .          Harm     .   (no cloak)
rCorr   .          Rampage  .   (no gloves)
Will    .....                   (boots currently unavailable)
Stlth   +.........              (no amulet)
HPRegen 0.09/turn               (no ring)
MPRegen 0.11/turn               (no ring)

@: appendages
A: horns 2, talons 2, fangs 1, strong nose, distributed training
a: End Transformation


You were on level 2 of the Dungeon.
You had temporarily grown beastly horns and talons.
You visited 1 branch of the dungeon, and saw 2 of its levels.

You collected 57 gold pieces.

Inventory:

Hand Weapons
 i - a +0 rapier (weapon)
 l - a +0 hand axe
Missiles
 h - 4 poisoned darts
Armour
 a - a +0 robe
 c - a +0 ring mail (worn)
Scrolls
 e - 3 scrolls of identify {unknown}
 g - a scroll of noise {unknown}
 m - a scroll of enchant weapon {unknown}
Potions
 b - a potion of lignification
 d - a potion of might
 f - a potion of attraction {unknown}
 j - a potion of resistance {unknown}
 k - a potion of mutation {unknown}


   Skills:
 + Level 2.6 Fighting
 + Level 0.8 Short Blades
 + Level 0.8 Long Blades
 + Level 0.8 Axes
 + Level 0.8 Maces & Flails
 + Level 0.8 Polearms
 + Level 0.8 Staves
 + Level 0.8 Ranged Weapons
 + Level 0.8 Throwing
 + Level 0.8 Armour
 + Level 4.5 Dodging
 + Level 0.8 Stealth
 + Level 0.8 Shields
 + Level 6.5 Unarmed Combat
 + Level 5.0 Spellcasting
 + Level 0.5 Conjurations
 + Level 0.5 Hexes
 + Level 0.5 Summonings
 + Level 0.5 Necromancy
 + Level 0.5 Translocations
 + Level 3.7 Transmutations
 + Level 0.5 Fire Magic
 + Level 0.5 Ice Magic
 + Level 0.5 Air Magic
 + Level 0.5 Earth Magic
 + Level 0.5 Poison Magic
 + Level 1.0 Invocations
 + Level 0.8 Evocations


You had 11 spell levels left.
You knew the following spells:

 Your Spells              Type           Power      Damage    Failure   Level
a - Beastly Appendage     Tmut           24%        N/A       11%         1

Your spell library contained the following spells:

 Spells                   Type           Power      Damage    Failure   Level
 Wereblood                Tmut           12%        N/A       16%         2
 Spider Form              Tmut/Pois      8%         N/A       52%         3
 Portal Projectile        Hex/Tloc       8%         N/A       75%         3
 Tukima's Dance           Hex            4%         N/A       75%         3
 Ice Form                 Ice/Tmut       8%         N/A       89%         4
 Blade Hands              Tmut           6%         N/A       96%         5


Dungeon Overview and Level Annotations

Branches:
Dungeon (2/15)

Altars:

Shops:
D:2 :

Annotations:
D:2 Terence


Innate Abilities, Weirdness & Mutations

You have temporarily grown beastly horns and talons.
You have very sharp teeth.
Your uncanny sense of smell can sniff out nearby items.
Your experience applies equally to all skills.


Message History

The rat bites you but does no damage. The rat misses you.
You barely miss the rat.
The rat is heavily wounded.
The rat bites you but does no damage.
You hit the rat.
You kill the rat!
A rat comes into view.
You see here a scroll labelled OPUUTA ENIAD.
You hit the rat.
You kill the rat!
There is an escape hatch in the floor here.
m - a scroll labelled OPUUTA ENIAD
There are no items here.
Okay, then.
Found a scroll labelled BAAME QEQUOGG.
Terence the Incautious comes into view.
He is wielding a +0 mace.
Terence shouts!
Found Bywor's Book Shoppe.
You see here a scroll labelled BAAME QEQUOGG.
e - 3 scrolls labelled BAAME QEQUOGG (gained 1)
You completely miss Terence. You bite Terence, but do no damage.
Terence drinks a potion.
Terence seems to grow stronger.
You hit Terence but do no damage. Terence barely misses you. x2
You closely miss Terence. Terence hits you with a +0 mace.
You hit Terence but do no damage. Terence closely misses you.
Casting: Beastly Appendage (safe; 11% risk of failure)
Confirm with . or Enter, or press ? or * to list all spells.
You grow a pair of large bovine horns.
Your feet morph into talons.
Terence barely misses you.
You hit Terence but do no damage. Terence hits you with a +0 mace!
You hit Terence. You claw Terence, but do no damage.
Terence is lightly wounded.
Terence misses you.
You closely miss Terence. Your kick misses Terence.
Terence is lightly wounded.
Terence hits you with a +0 mace.
You hit Terence.
Terence is lightly wounded.
Terence hits you with a +0 mace!
You die...

#.###...######
#.# #...#
###.###...######
.................
##..#.#.########
#####......#
#......#.###
##.###.#....#
#.....@@....#
##.###.##.### ..∩
..# ########


You could see Terence (strong).

Vanquished Creatures
  2 dart slugs (D:1)
  2 ball pythons (D:1)
  6 endoplasms (D:1)
  A hobgoblin (D:1)
  4 jackals (D:1)
  2 kobolds (D:1)
  A quokka (D:1)
  3 bats
  2 frilled lizards (D:1)
  4 goblins (D:1)
  4 rats
31 creatures vanquished.

Notes
Turn   | Place    | Note
-------+----------+-------------------------------------------
     0 | D:1      | tizbic2 the Gnoll Transmuter began the quest for the Orb.
     0 | D:1      | Reached XP level 1. HP: 17/17 MP: 6/6
   141 | D:1      | Reached XP level 2. HP: 23/23 MP: 7/7
   480 | D:1      | Reached skill level 5 in Spellcasting
   480 | D:1      | Reached XP level 3. HP: 24/28 MP: 7/9
   648 | D:1      | Reached skill level 1 in Invocations
  1111 | D:2      | Noticed Terence
  1112 | D:2      | Found Bywor's Book Shoppe.
  1123 | D:2      | Slain by Terence

Illustrated notes

Levels and vault maps discovered:
D:1:      nicolae_arrival_washed_ashore, layout_rooms, serial_curves,
          eino_curves_03, eino_curves_01
D:2:      layout_basic, serial_shops, shop, basic_altar, minmay_tetromino_t4,
          uniq_terence

Skill      XL: |  1  2  3 |
---------------+----------+-----
Spellcasting   | 5 |  5.0
Invocations    | 1 |  1.0
Fighting       | |  2.6
Short Blades   | |  0.8
Long Blades    | |  0.8
Axes           | |  0.8
Maces & Flails | |  0.8
Polearms       | |  0.8
Staves         | |  0.8
Ranged Weapons | |  0.8
Throwing       | |  0.8
Armour         | |  0.8
Dodging        | |  4.5
Stealth        | |  0.8
Shields        | |  0.8
Unarmed Combat | |  6.5
Conjurations   | |  0.5
Hexes          | |  0.5
Summonings     | |  0.5
Necromancy     | |  0.5
Translocations | |  0.5
Transmutations | |  3.7
Fire Magic     | |  0.5
Ice Magic      | |  0.5
Air Magic      | |  0.5
Earth Magic    | |  0.5
Poison Magic   | |  0.5
Evocations     | |  0.8

Action                   || total
-------------------------++-------
Melee: Unarmed           ||    11
       Kick              ||    14
       Headbutt          ||     8
       Bite              ||     8
       Whip              ||    33
       Rapier            ||    51
       Punch             ||     3
 Cast: Beastly Appendage ||     9
Armor: Ring mail         ||    37
Dodge: Dodged            ||    65
